 Dungeon Crawl Stone Soup version 0.30-a0-779-g7971cf19c3 (webtiles) character file.

Game seed: 1877816717543742996

274743 Lobster4 the Cloud Mage (level 20, -14/265 HPs)
             Began as a Tengu Air Elementalist on Feb 17, 2023.
             Was the Champion of Vehumet.
             Demolished by Mennas
             ... wielding a +4 sacred scourge of holy wrath
              (19 damage)
             ... on level 2 of the Vaults.
             The game lasted 03:07:49 (45865 turns).

Lobster4 the Cloud Mage (Tengu Air Elementalist)   Turns: 45865, Time: 03:07:50

Health: -14/265    AC: 30    Str: 22    XL:     20   Next: 73%
Magic:  44/44      EV:  2    Int: 13    God:    Vehumet [******]
Gold:   2814       SH:  0    Dex: 17    Spells: 6/39 levels left

rFire   + + .      SeeInvis .    q - +7 broad axe "Impslayer" {flame, rElec rCorr Str+7 Int-5}
rCold   + . .      Faith    .    w - +1 buckler
rNeg    + . .      Spirit   .    (body armour currently unavailable)
rPois   +          Reflect  .    (helmet currently unavailable)
rElec   +          Harm     .    (cloak currently unavailable)
rCorr   +          Rampage  .    (gloves currently unavailable)
Will    +....      NoTele   +    (boots unavailable) Stlth
                                 V - amulet of Vitality {RegenMP++ Regen++}
HPRegen 2.24/turn                G - ring "Gisuv" {rC+ MP+9 Str+2 Int-4}
MPRegen 1.09/turn                x - ring of Fixation {rF++ rN+ rCorr Str+4}

@: confused, berserking (expiring), tree-form, glowing, studying Invocations,
very quick
A: stationary, stasis, torment immunity, boosted hp, (beak), (talons 3), nimble
flight
}: 1/15 runes: serpentine
a: Renounce Religion


You were on level 2 of the Vaults.
You worshipped Vehumet.
Vehumet was exalted by your worship.
You were a tree.
You visited 7 branches of the dungeon, and saw 33 of its levels.
You also visited: Bailey and Gauntlet.

You collected 2934 gold pieces.
You spent 120 gold pieces at shops.

Inventory:

Hand Weapons
 a - the +0 flail "Xubliock" {flame, rPois Will+ Str+3 Dex-2}
   (You found it on level 1 of the Lair of Beasts)

   Str:       It affects your strength (+3).
   Dex:       It affects your dexterity (-2).
   rPois:     It protects you from poison.
   Will:      It increases your willpower.
 k - the +9 sling of Nuorirhut {speed, rElec rC++ Int-4}
   (You took it off a naga warrior on level 2 of the Snake Pit)

   Int:       It affects your intelligence (-4).
   rC:        It greatly protects you from cold.
   rElec:     It insulates you from electricity.
 q - the +7 broad axe "Impslayer" (weapon) {flame, rElec rCorr Str+7 Int-5}
   (You found it in a Gauntlet)

   Str:       It affects your strength (+7).
   Int:       It affects your intelligence (-5).
   rElec:     It insulates you from electricity.
   rCorr:     It protects you from acid and corrosion.
 Q - the +4 spear of Meor {heavy, rN+ Will+ Stlth+}
   (You found it in a bailey)

   rN:        It protects you from negative energy.
   Will:      It increases your willpower.
   Stlth:     It makes you more stealthy.
Missiles
 f - 46 poisoned darts (quivered)
 h - 8 silver javelins
 j - 5 throwing nets
 U - 13 curare-tipped darts
 Y - 11 javelins
Armour
 n - a +2 robe of willpower
 t - a +2 cloak of stealth (melded)
 w - a +1 buckler (worn)
 z - +1 swamp dragon scales (melded)
 M - a +2 hat (melded)
 T - a +2 pair of gloves (melded)
Jewellery
 b - a ring of willpower
 c - the ring "Githrusch" {rF- rC+ Int+4 Dex+4}
   (You acquired it on level 3 of the Lair of Beasts)

   [ring of protection from cold]

   Int:       It affects your intelligence (+4).
   Dex:       It affects your dexterity (+4).
   rF:        It makes you vulnerable to fire.
   rC:        It protects you from cold.
 x - the ring of Fixation (right branch) {rF++ rN+ rCorr Str+4}
   (You found it in a Gauntlet)

   [ring of positive energy]

   Str:       It affects your strength (+4).
   rF:        It greatly protects you from fire.
   rN:        It protects you from negative energy.
   rCorr:     It protects you from acid and corrosion.
 D - a ring of see invisible
 G - the ring "Gisuv" (left branch) {rC+ MP+9 Str+2 Int-4}
   (You found it in a Gauntlet)

   [ring of magical power]

   Str:       It affects your strength (+2).
   Int:       It affects your intelligence (-4).
   rC:        It protects you from cold.
   MP:        It affects your magic capacity (+9).
 P - a +6 ring of intelligence
 V - the amulet of Vitality (around neck) {RegenMP++ Regen++}
   (You found it on level 2 of the Lair of Beasts)

   [amulet of magic regeneration]

   It increases your rate of magic regeneration.
   Regen:     It increases your rate of health regeneration.
Wands
 o - a wand of flame (63)
 s - a wand of quicksilver (24)
 y - a wand of mindburst (9)
 B - a wand of iceblast (18)
Scrolls
 i - 4 scrolls of enchant armour
 l - 4 scrolls of poison
 m - 13 scrolls of teleportation
 p - 3 scrolls of fog
 u - a scroll of enchant weapon
 A - a scroll of silence
 H - 3 scrolls of blinking
 I - 7 scrolls of immolation
 W - a scroll of magic mapping
Potions
 d - 9 potions of curing
 e - 2 potions of cancellation
 g - 9 potions of magic
 r - 4 potions of lignification
 v - 6 potions of might
 E - 10 potions of ambrosia
 F - a potion of berserk rage
 J - 6 potions of brilliance
 O - 6 potions of invisibility
 R - 4 potions of haste
 Z - 3 potions of resistance
Miscellaneous
 S - a lightning rod (4/4)


   Skills:
 + Level 10.4 Fighting
 - Level 1.0 Short Blades
 - Level 8.4(10.0) Axes
 - Level 7.8(9.5) Maces & Flails
 - Level 2.0(5.6) Polearms
 - Level 2.0 Ranged Weapons
 - Level 3.0 Throwing
 + Level 12.3 Armour
 + Level 12.3 Dodging
 + Level 5.9 Stealth
 - Level 6.0 Shields
 - Level 10.0 Spellcasting
 + Level 19.2 Conjurations
 - Level 3.0 Summonings
 - Level 3.0 Translocations
 - Level 5.0 Fire Magic
 * Level 26.1 Air Magic
 - Level 3.0 Poison Magic
 - Level 3.0 Evocations


You had 6 spell levels left.
You knew the following spells:

 Your Spells              Type           Power      Damage    Failure   Level
a - Shock                 Conj/Air       100%       1d9       0%          1
b - Airstrike             Air            32%        2d(5-21)  0%          4
c - Poisonous Vapours     Pois/Air       88%        N/A       1%          2
d - Lightning Bolt        Conj/Air       30%        1d47      1%          5
e - Flame Wave            Conj/Fire      38%        2d10      1%          4
f - Conjure Ball Lightni  Conj/Air       30%        3x3d10    1%          6
g - Iskenderun's Battles  Conj           54%        2d10      1%          5
h - Summon Lightning Spi  Summ/Air       44%        N/A       1%          4
i - Blink                 Tloc           28%        N/A       6%          2

Your spell library contained the following spells:

 Spells                   Type           Power      Damage    Failure   Level
 Maxwell's Capacitive Co  Air            32%        ∞         1%          8
 Chain Lightning          Conj/Air       30%        3d40      32%         9
 Shatter                  Erth           3%         3d7*      100%        9
 Magic Dart               Conj           100%       1d8       0%          1
 Static Discharge         Conj/Air       100%       2-7/arc   0%          2
 Swiftness                Air            65%        N/A       0%          3
 Kiss of Death            Conj/Necr      100%       2d13      1%          1
 Scorch                   Fire           38%        2d6       1%          2
 Dazzling Flash           Conj/Hex       62%        N/A       1%          3
 Kindle Blastsparks       Fire/Tloc/Air  72%        2d16      1%          3
 Mephitic Cloud           Conj/Pois/Air  48%        N/A       1%          3
 Vhi's Electric Charge    Tloc/Air       88%        N/A       1%          3
 Fulminant Prism          Conj/Hex       15%        3d10      1%          4
 Iskenderun's Mystic Bla  Conj/Tloc      35%        2d8       1%          4
 Arcjolt                  Conj/Air       30%        1d40      1%          5
 Freezing Cloud           Conj/Ice/Air   22%        6-21      1%          5
 Freeze                   Ice            24%        1d4       4%          1
 Summon Small Mammal      Summ           56%        N/A       4%          1
 Starburst                Conj/Fire      19%        6d7       4%          6
 Call Imp                 Summ           14%        N/A       6%          2
 Sting                    Tmut/Pois      40%        1d5       8%          1
 Olgreb's Toxic Radiance  Pois           14%        N/A       11%         4
 Call Canine Familiar     Summ           14%        N/A       12%         3
 Beastly Appendage        Tmut           12%        N/A       14%         1
 Sublimation of Blood     Necr           6%         N/A       22%         2
 Wereblood                Tmut           6%         N/A       22%         2
 Spider Form              Tmut/Pois      10%        N/A       22%         3
 Summon Guardian Golem    Hex/Summ       10%        N/A       22%         3
 Confusing Touch          Hex            6%         N/A       38%         3
 Manifold Assault         Tloc           14%        N/A       38%         4
 Dispel Undead            Necr           6%         3d8       80%         4
 Petrify                  Tmut/Erth      6%         N/A       80%         4
 Metabolic Englaciation   Hex/Ice        3%         N/A       98%         5
 Summon Cactus Giant      Summ           7%         N/A       99%         6
 Simulacrum               Ice/Necr       3%         N/A       100%        6
 Statue Form              Tmut/Erth      4%         N/A       100%        6
 Storm Form               Tmut/Air       20%        N/A       50%         7
 Summon Hydra             Summ           7%         N/A       100%        7
 Polar Vortex             Ice            3%         N/A       100%        9


Dungeon Overview and Level Annotations

Branches:
Dungeon (15/15)            Temple (1/1) D:4            Lair (5/5) D:9
  Swamp (4/4) Lair:2        Snake (4/4) Lair:2        Slime (0/5) Lair:4
    Orc (2/2) D:9             Elf (0/3) Orc:2        Vaults (2/5) D:13
  Crypt (0/3) Vaults:2     Depths (0/4) D:15         Bailey (visited)
Gauntlet (visited)

Altars:
Ashenzari
Cheibriados
Dithmenos
Elyvilon
Fedhas
Gozag
Hepliaklqana
Kikubaaqudgha
Makhleb
Nemelex Xobeh
Okawaru
Qazlal
Ru
Sif Muna
Trog
Uskayaw
Vehumet
Wu Jian
Xom
Yredelemnul
Zin
The Shining One
Jiyva

Shops:
D:10 :   Orc:2 ?:[:

Portals:
Trove: D:13 (give +5 demon trident)

Annotations:
D:11 exclusion: obsidian statue
Lair:3 2 transporters, Vade Gum's ghost, journeyman DsGl
Swamp:1 3 runed translucent doors, kingofthe's ghost, journeyman MiBe
Swamp:4 Mara
Snake:2 3 runed translucent doors, Maeg's ghost, adept TrMo
Snake:4 2 runed translucent doors, arthad's ghost, journeyman FeSu
Vaults:2 Mennas


Innate Abilities, Weirdness & Mutations

You are a tree.
Your roots penetrate the ground, keeping you stationary.
You cannot be teleported.
You are immune to unholy pain and torment.
Your maximum health is greatly increased.
Your equipment is partially melded.
((You have a beak for a mouth.))
((You have claws for feet.))
Your magical nature lets you fly swiftly and evasively.


Message History

Mennas hits you with a +4 sacred scourge of holy wrath.
* * * LOW HITPOINT WARNING * * *
Mennas blocks your attack.
Mennas is lightly wounded.
Mennas hits you with a +4 sacred scourge of holy wrath!
* * * LOW HITPOINT WARNING * * *
Mennas hits you with a +4 sacred scourge of holy wrath!
* * * LOW HITPOINT WARNING * * *
Mennas blocks your attack.
Mennas is lightly wounded.
Mennas becomes audible again.
Mennas is caught in a moment of prayer.
Mennas gestures frantically.
You are confused.
Mennas blocks your attack. Mennas hits you but does no damage. x3
Mennas hits you with a +4 sacred scourge of holy wrath.
* * * LOW HITPOINT WARNING * * *
Mennas blocks your attack.
Mennas is lightly wounded.
Mennas hits you with a +4 sacred scourge of holy wrath!
* * * LOW HITPOINT WARNING * * *
Mennas hits you but does no damage. Mennas blocks your attack.
Your lightning spire disappears in a puff of smoke!
Mennas hits you with a +4 sacred scourge of holy wrath!
* * * LOW HITPOINT WARNING * * *
Mennas hits you with a +4 sacred scourge of holy wrath!!
* * * LOW HITPOINT WARNING * * *
Confused cleave: q) +7 broad axe "Impslayer" {flame, rElec rCorr Str+7 Int-5}
Press: ? - help, Dir - move target
Okay, then.
You are too berserk!
Unknown command.
You cannot move. (Use ctrl+direction or * direction to attack while stationary and confused.) Unknown command.
You cannot move. (Use ctrl+direction or * direction to attack while stationary and confused.) Unknown command.
You closely miss Mennas.
Mennas is lightly wounded.
Mennas hits you with a +4 sacred scourge of holy wrath!!
You die...

##############################
#...........A♣................
#..........§..................
#.............................
#.............................
#.............................
#...####'######...............
#..,*,....,** ##.....#########
#.,,+..#.#.,** #.....#,,,,,,,,
#,,,#.#..#.,,**#.....#,,*****,


You could see Mennas.

Vanquished Creatures
  Nikola (Swamp:3)
  Rupert (D:12)
  Jorgrun (Orc:1)
  A tentacled monstrosity (Swamp:4)
  A sphinx (Vaults:2)
  Kirke (Swamp:2)
  9 nagarajas (Snake:4)
  A vault warden (Vaults:1)
  3 orc warlords
  Aizul (Lair:2)
  2 ironbound preservers
  5 very ugly things
  4 ironbound thunderhulks
  An eleionoma (Swamp:2)
  A minotaur (Gauntlet)
  Azrael (D:15)
  6 dire elephants
  The ghost of Gogrithru the Fighter, a journeyman MeRe of Okawaru (Orc:1)
  9 bunyips
  Snorg (D:10)
  A green death (Swamp:4)
  Josephine (D:12)
  2 shambling mangroves
  5 entropy weavers
  A yaktaur captain (Vaults:1)
  A fire dragon (D:13)
  Harold (D:11)
  2 great orbs of eyes (Vaults:1)
  10 anacondas
  17 hydras
  An ogre mage (D:15)
  A death knight (D:15)
  6 centaur warriors
  2 ghost crabs
  3 ironbound frosthearts (Vaults:1)
  4 alligators
  5 boulder beetles
  8 two-headed ogres
  15 naga warriors
  Urug (D:13)
  3 death yaks (Gauntlet)
  An orc high priest (Orc:1)
  3 shock serpents
  15 naga sharpshooters
  Sonja (Lair:2)
  Nergalle (D:9)
  Amaemon (Lair:2)
  A skeletal warrior (D:15)
  5 sea snakes
  A salamander mystic (Snake:3)
  5 goliath frogs
  5 spriggan druids
  3 skysharks
  A glowing orange brain (Vaults:1)
  6 naga ritualists
  9 bog bodies
  3 deep trolls (Vaults:2)
  4 wizards
  3 harpies (Vaults:1)
  4 lindwurms
  A phantasmal warrior (D:15)
  6 ironbound convokers
  2 deep elf archers (D:14)
  5 orc knights
  7 swamp dragons
  A wolf spider (D:15)
  9 mana vipers
  3 necromancers
  4 deep elf pyromancers
  4 oklob plants (Lair:4)
  2 human zombies (Vaults:1)
  A cyclops (D:15)
  43 ugly things
  12 salamanders
  3 will-o-the-wisps
  5 vault sentinels
  A salamander (shapeshifter) (D:15)
  16 elephants
  9 guardian serpents
  40 black mambas
  A stone giant skeleton (Vaults:1)
  10 orange demons
  27 naga magi
  Maurice (D:8)
  A gargoyle (D:12)
  An unseen horror (D:12)
  23 cane toads
  2 minotaur zombies (Gauntlet)
  Maggie (D:8)
  A rime drake (Lair:1)
  2 efreet
  9 komodo dragons
  4 kobold demonologists (D:11)
  A freezing wraith (D:15)
  A queen bee (Lair:2)
  2 red devils (D:10)
  A merfolk (D:15)
  10 hornets
  A polar bear (Lair:2)
  3 trolls
  12 tyrant leeches
  A wind drake (shapeshifter) (D:13)
  Prince Ribbit (D:5)
  30 blink frogs
  7 dream sheep (Lair:5)
  2 tarantellas
  A frost giant simulacrum (Vaults:1)
  2 culicivoras
  28 slime creatures
  A centaur simulacrum (D:14)
  A large abomination (Swamp:4)
  9 spriggans
  56 yaks
  2 shadows (Gauntlet)
  2 vampires
  9 wraiths
  3 wyverns
  16 humans
  5 basilisks
  2 fire elementals (D:15)
  12 vampire mosquitoes
  2 steam dragons
  A small abomination (Swamp:4)
  6 redbacks
  3 wargs
  18 swamp worms
  2 acid dragons
  54 nagas
  5 hell hounds (D:15)
  Duvessa (D:5)
  19 water moccasins
  An ice beast (D:6)
  2 swamp drakes
  2 black bears (D:6)
  9 ogres
  39 orc warriors
  2 sky beasts (D:7)
  10 boggarts
  An ogre (shapeshifter) (D:12)
  9 wolves
  14 centaurs
  7 kobold brigands
  16 bullfrogs
  7 gnoll sergeants
  3 scorpions
  13 wights
  Dowan (D:5)
  39 killer bees
  3 electric eels
  5 howler monkeys
  11 hounds
  A jelly (D:5)
  12 orc priests
  3 gnoll boudas
  Jessica (D:2)
  3 iguanas
  21 orc wizards
  50 gnolls
  7 adders
  2 shadow imps
  An ufetubus (D:6)
  4 worms
  78 orcs
  4 bats
  10 endoplasms
  6 giant cockroaches
  15 hobgoblins
  11 jackals
  2 quokkas
  6 ball pythons
  3 frilled lizards
  15 goblins
  30 kobolds
  5 rats
1286 creatures vanquished.

Vanquished Creatures (collateral kills)
  A sphinx (Vaults:1)
  3 very ugly things (Vaults:2)
  An ironbound thunderhulk (Vaults:1)
  A dire elephant (Vaults:2)
  A yaktaur captain (Vaults:1)
  An entropy weaver (Vaults:1)
  A centaur warrior (Vaults:1)
  6 slime creatures
  An ironbound convoker (Vaults:1)
  A lindwurm (Vaults:2)
  A harpy (Vaults:1)
  An ugly thing (Vaults:2)
  2 vault sentinels (Vaults:1)
  A human simulacrum (Vaults:1)
  A redback (Vaults:1)
  25 ball lightnings
48 creatures vanquished.

Vanquished Creatures (others)
  2 bloated husks
  3 humans (Swamp:2)
  A gnoll (Bailey)
  401 ball lightnings
  4 foxfires
  39 fungi
  207 plants
657 creatures vanquished.

Grand Total: 1991 creatures vanquished

Notes
Turn   | Place    | Note
-------+----------+-------------------------------------------
     0 | D:1      | Lobster4 the Tengu Air Elementalist began the quest for the
                  | Orb.
     0 | D:1      | Reached XP level 1. HP: 10/10 MP: 4/4
   162 | D:1      | Reached XP level 2. HP: 13/15 MP: 4/6
   352 | D:1      | Reached skill level 1 in Armour
   435 | D:1      | Found a faded altar of an unknown god.
   436 | D:1      | Noticed a golden eye
   437 | D:1      | Noticed an eye of devastation
   438 | D:1      | Noticed a great orb of eyes
   438 | D:1      | Noticed a floating eye
   589 | D:1      | Reached XP level 3. HP: 20/20 MP: 4/7
  1047 | D:2      | Reached skill level 1 in Fighting
  1247 | D:2      | Reached XP level 4. HP: 25/25 MP: 2/8
  1887 | D:2      | Gained mutation: Your magical nature lets you fly swiftly
                  | and evasively. [Tengu growth]
  1887 | D:2      | Reached XP level 5. HP: 29/29 MP: 5/9
  2016 | D:2      | Noticed Jessica
  2033 | D:2      | Killed Jessica
  2034 | D:2      | Reached skill level 1 in Short Blades
  2177 | D:2      | Found a hide-covered altar of Uskayaw.
  3122 | D:3      | Reached XP level 6. HP: 35/35 MP: 4/10
  3473 | D:4      | Reached skill level 5 in Air Magic
  3727 | D:4      | Found a staircase to the Ecumenical Temple.
  3736 | Temple   | Entered the Ecumenical Temple
  3736 | Temple   | Found a transporter.
  3736 | Temple   | Found a transporter.
  3738 | Temple   | Found a transporter.
  3738 | Temple   | Found a transporter.
  3757 | Temple   | Became a worshipper of Vehumet
  3848 | D:4      | Reached skill level 1 in Evocations
  4266 | D:4      | Reached XP level 7. HP: 27/40 MP: 8/12
  4962 | D:5      | Entered Level 5 of the Dungeon
  5038 | D:5      | Reached skill level 1 in Ranged Weapons
  5733 | D:5      | Noticed Duvessa
  5734 | D:5      | Noticed Dowan
  5742 | D:5      | Killed Duvessa
  5743 | D:5      | Reached skill level 1 in Shields
  5789 | D:5      | Reached skill level 6 in Air Magic
  5789 | D:5      | Reached XP level 8. HP: 44/44 MP: 8/13
  6044 | D:5      | Noticed Prince Ribbit
  6065 | D:5      | Killed Prince Ribbit
  6065 | D:5      | Reached * piety under Vehumet
  6065 | D:5      | Offered knowledge of Freeze by Vehumet.
  6361 | D:5      | Killed Dowan
  7110 | D:6      | Reached skill level 1 in Maces & Flails
  7110 | D:6      | Reached skill level 7 in Air Magic
  7226 | D:6      | Learned a level 4 spell: Airstrike
  7556 | D:6      | Reached skill level 5 in Conjurations
  7597 | D:6      | Reached XP level 9. HP: 48/48 MP: 5/15
  7771 | D:6      | Learned a level 3 spell: Swiftness
  7926 | D:6      | Noticed Maggie
  8539 | D:7      | Reached skill level 8 in Air Magic
  8567 | D:7      | Identified the +0 dagger of Fee Simple {flame, Int+3}
  8663 | D:7      | Found a flagged portal.
  8696 | Bailey   | Entered a bailey
  8702 | Bailey   | Noticed an orc warlord
  8769 | Bailey   | Offered knowledge of Poisonous Vapours by Vehumet.
  8770 | Bailey   | Reached ** piety under Vehumet
  8777 | Bailey   | Learned a level 2 spell: Poisonous Vapours
  8846 | Bailey   | Reached skill level 5 in Dodging
  8871 | Bailey   | Noticed an orc knight
  8911 | Bailey   | Killed an orc knight
  8912 | Bailey   | Reached skill level 1 in Poison Magic
  9037 | Bailey   | Found a runed translucent gate.
  9037 | Bailey   | Found a runed translucent gate.
  9057 | Bailey   | Found a runed translucent gate.
  9104 | Bailey   | Reached skill level 1 in Throwing
  9356 | Bailey   | Killed an orc warlord
  9357 | Bailey   | Reached skill level 5 in Armour
  9357 | Bailey   | Reached skill level 5 in Stealth
  9357 | Bailey   | Reached skill level 9 in Air Magic
  9357 | Bailey   | Reached XP level 10. HP: 54/54 MP: 17/17
  9408 | Bailey   | Identified the +4 spear of Meor {heavy, rN+ Will+ Stlth+}
 10872 | D:8      | Noticed Maurice
 11039 | D:8      | Killed Maggie
 11141 | D:8      | Killed Maurice
 11148 | D:8      | Offered knowledge of Scorch by Vehumet.
 11158 | D:7      | Learned a level 2 spell: Scorch
 11494 | D:8      | Found a broken altar of Ashenzari.
 11495 | D:8      | Found an opulent altar of Gozag.
 11824 | D:9      | Reached skill level 5 in Spellcasting
 11830 | D:9      | Reached *** piety under Vehumet
 11993 | D:9      | Found a staircase to the Orcish Mines.
 12024 | D:9      | Reached skill level 1 in Fire Magic
 12135 | D:9      | Found a shadowy altar of Dithmenos.
 12143 | D:9      | Reached skill level 10 in Air Magic
 12144 | D:9      | Reached skill level 1 in Polearms
 12352 | D:9      | Offered knowledge of Flame Wave by Vehumet.
 12423 | D:9      | Learned a level 4 spell: Flame Wave
 12533 | D:9      | Reached XP level 11. HP: 60/60 MP: 11/19
 13089 | D:9      | Reached **** piety under Vehumet
 13341 | D:9      | Offered knowledge of Kindle Blastsparks by Vehumet.
 13346 | D:9      | Learned a level 3 spell: Kindle Blastsparks
 14678 | D:9      | Found a staircase to the Lair.
 15200 | D:10     | Entered Level 10 of the Dungeon
 15299 | D:10     | Noticed a two-headed ogre
 15302 | D:10     | Killed a two-headed ogre
 15303 | D:10     | Reached skill level 5 in Shields
 15379 | D:10     | Reached skill level 11 in Air Magic
 15784 | D:10     | Noticed Snorg
 15985 | D:10     | Killed Snorg
 16060 | D:10     | Found Deczuenu's Book Emporium.
 16451 | D:11     | Noticed a two-headed ogre
 16462 | D:11     | Killed a two-headed ogre
 16463 | D:11     | Reached skill level 5 in Fighting
 16463 | D:11     | Reached XP level 12. HP: 68/68 MP: 13/22
 16486 | D:11     | Reached skill level 12 in Air Magic
 16652 | D:11     | Reached ***** piety under Vehumet
 16750 | D:11     | Noticed Harold
 16841 | D:10     | Offered knowledge of Conjure Ball Lightning by Vehumet.
 16884 | Orc:1    | Entered Level 1 of the Orcish Mines
 16884 | Orc:1    | Noticed Jorgrun
 16978 | Lair:1   | Entered Level 1 of the Lair of Beasts
 17008 | Lair:1   | Learned a level 6 spell: Conjure Ball Lightning
 17065 | Lair:1   | Found a transporter.
 17066 | Lair:1   | Found a transporter.
 17066 | Lair:1   | Noticed a boulder beetle
 17066 | Lair:1   | Noticed a boulder beetle
 17617 | Lair:1   | Identified the +0 flail "Xubliock" {flame, rPois Will+
                  | Str+3 Dex-2}
 18038 | Lair:2   | Found the amulet of Vitality {RegenMP++ Regen++}
 18113 | Lair:2   | Reached skill level 13 in Air Magic
 18590 | Lair:2   | Noticed Amaemon
 18608 | Lair:2   | Killed Amaemon
 18733 | Lair:2   | Noticed Sonja
 18735 | Lair:2   | Killed Sonja
 18842 | Lair:2   | Found a staircase to the Snake Pit.
 18951 | Lair:2   | Reached skill level 10 in Conjurations
 19018 | Lair:2   | Reached XP level 13. HP: 75/75 MP: 21/24
 19092 | Lair:2   | Reached skill level 14 in Air Magic
 19152 | Lair:2   | Found a staircase to the Swamp.
 19408 | Lair:3   | Found a transporter.
 19476 | Lair:3   | Found a transporter.
 19553 | Lair:3   | Identified a scroll of acquirement
 19570 | Lair:3   | Found a one-way gate to the infinite horrors of the Abyss.
 19570 | Lair:3   | Noticed Vade Gum's ghost (journeyman DsGl)
 20148 | Lair:3   | Found the dreamshard necklace {*Dream Drain}
 20499 | Lair:4   | Found a viscous altar of Jiyva.
 20565 | Lair:4   | Reached skill level 15 in Air Magic
 20572 | Lair:4   | Found a staircase to the Slime Pits.
 21762 | Lair:5   | Entered Level 5 of the Lair of Beasts
 21979 | Lair:5   | Reached skill level 16 in Air Magic
 22036 | Lair:5   | Reached skill level 10 in Dodging
 22038 | Lair:5   | Reached XP level 14. HP: 69/84 MP: 13/25
 22057 | Lair:5   | Offered knowledge of Iskenderun's Battlesphere by Vehumet.
 22064 | Lair:5   | Learned a level 5 spell: Iskenderun's Battlesphere
 22092 | Lair:5   | Found an iron altar of Okawaru.
 22348 | Lair:4   | Reached skill level 5 in Maces & Flails
 22456 | Lair:5   | Reached skill level 17 in Air Magic
 23126 | Lair:5   | Reached skill level 18 in Air Magic
 24154 | D:11     | Killed Harold
 24155 | D:11     | Reached skill level 19 in Air Magic
 24267 | D:11     | Reached XP level 15. HP: 88/88 MP: 24/26
 24748 | D:12     | Reached ****** piety under Vehumet
 24750 | D:12     | Offered knowledge of Lightning Bolt by Vehumet.
 24834 | D:11     | Learned a level 5 spell: Lightning Bolt
 25026 | D:12     | Noticed Josephine
 25049 | D:12     | Killed Josephine
 25319 | D:12     | Got the Anthology of the Hawk
 25791 | D:13     | Identified the +5 dagger "Athakadu" {pain, Str+5}
 25857 | D:13     | Noticed Rupert
 25857 | D:13     | Noticed Urug
 25857 | D:13     | Found a gate to the Vaults.
 26273 | Orc:1    | Noticed Nergalle
 26275 | Orc:1    | Killed Jorgrun
 26334 | D:9      | Killed Nergalle
 26335 | D:9      | Reached skill level 20 in Air Magic
 26424 | Orc:1    | Noticed Gogrithru's ghost (journeyman MeRe)
 26616 | Orc:1    | Found a shimmering blue altar of Sif Muna.
 26661 | Orc:1    | Found a runed translucent gate.
 26662 | Orc:1    | Found a runed translucent gate.
 26663 | Orc:1    | Found a runed translucent gate.
 26772 | Orc:1    | Got Sif Muna's Verses on Hail
 26947 | Orc:1    | Killed Gogrithru's ghost
 27022 | Orc:1    | Reached XP level 16. HP: 94/94 MP: 26/28
 27026 | Orc:1    | Learned a level 2 spell: Blink
 27066 | Orc:2    | Entered Level 2 of the Orcish Mines
 27070 | Orc:2    | Found a gate leading to a gauntlet.
 27077 | Orc:2    | Acquired the ring "Githrusch" {rF- rC+ Int+4 Dex+4}
 27086 | Gauntlet | Entered a Gauntlet
 27086 | Gauntlet | Found a transporter.
 27086 | Gauntlet | Found a transporter.
 27099 | Gauntlet | Found a transporter.
 27118 | Gauntlet | Found a transporter.
 27118 | Gauntlet | Found a transporter.
 27121 | Gauntlet | Found a transporter.
 27121 | Gauntlet | Found a transporter.
 27121 | Gauntlet | Found a transporter.
 27133 | Gauntlet | Found a transporter.
 27154 | Gauntlet | Found a transporter.
 27161 | Gauntlet | Found a transporter.
 27178 | Gauntlet | Found a transporter.
 27196 | Gauntlet | Found a transporter.
 27211 | Gauntlet | Found a transporter.
 27251 | Gauntlet | Identified the +7 broad axe "Impslayer" {flame, rElec rCorr
                  | Str+7 Int-5}
 27339 | Gauntlet | Identified the ring of Fixation {rF++ rN+ rCorr Str+4}
 27341 | Gauntlet | Identified the ring "Gisuv" {rC+ MP+9 Str+2 Int-4}
 27380 | Gauntlet | Identified the +3 leather armour "Viaseajyv" {Rampage}
 27470 | Gauntlet | Reached skill level 15 in Conjurations
 27470 | Gauntlet | Reached skill level 1 in Translocations
 27695 | Orc:2    | Offered knowledge of Orb of Destruction by Vehumet.
 28527 | Orc:2    | Found a staircase to the Elven Halls.
 28544 | Orc:2    | Found Xapinemev's Book Emporium.
 28544 | Orc:2    | Found Kas Ruo's Antique Armour Shop.
 28544 | Orc:2    | Found Eruif's Book Boutique.
 28548 | Orc:2    | Found Vureit's Magic Scroll Shoppe.
 28560 | Orc:2    | Bought a scroll of blinking for 120 gold pieces
 28604 | Orc:2    | Found a burning altar of Makhleb.
 29330 | D:12     | Paralysed by Rupert for 3 turns
 29349 | D:12     | Killed Rupert
 29573 | D:13     | Killed Urug
 30048 | D:13     | Found a portal to a secret trove of treasure.
 30162 | D:13     | Reached skill level 1 in Axes
 30325 | D:14     | Offered knowledge of Fireball by Vehumet.
 30690 | D:14     | Reached skill level 21 in Air Magic
 30690 | D:14     | Reached XP level 17. HP: 100/100 MP: 26/30
 30936 | D:14     | Reached skill level 1 in Summonings
 30952 | D:15     | Entered Level 15 of the Dungeon
 31391 | D:15     | Noticed Azrael
 31409 | D:15     | Killed Azrael
 32272 | D:15     | Found a staircase to the Depths.
 32674 | Snake:1  | Entered Level 1 of the Snake Pit
 32674 | Snake:1  | Noticed Aizul
 32685 | Lair:2   | Killed Aizul
 32890 | Snake:1  | Offered knowledge of Lee's Rapid Deconstruction by Vehumet.
 34037 | Snake:2  | Found a shadowy altar of Dithmenos.
 34344 | Snake:2  | Reached skill level 22 in Air Magic
 34344 | Snake:2  | Identified the +9 sling of Nuorirhut {speed, rElec rC++
                  | Int-4}
 34378 | Snake:2  | Reached skill level 10 in Fighting
 34736 | Snake:2  | Found a runed translucent gate.
 34736 | Snake:2  | Found a runed translucent gate.
 34737 | Snake:2  | Found a runed translucent gate.
 34739 | Snake:2  | Noticed Maeg's ghost (adept TrMo)
 34788 | Snake:2  | Reached XP level 18. HP: 107/107 MP: 31/31
 35088 | Snake:3  | Offered knowledge of Eringya's Noxious Bog by Vehumet.
 35529 | Snake:3  | Reached skill level 5 in Axes
 36137 | Snake:4  | Entered Level 4 of the Snake Pit
 37274 | Snake:4  | Reached skill level 10 in Armour
 37332 | Snake:4  | Reached skill level 23 in Air Magic
 37512 | Snake:4  | Found a large runed translucent door.
 37512 | Snake:4  | Found a large runed translucent door.
 37513 | Snake:4  | Noticed arthad's ghost (journeyman FeSu)
 38091 | Snake:4  | Offered knowledge of Shatter by Vehumet.
 38091 | Snake:4  | Offered knowledge of Chain Lightning by Vehumet.
 38091 | Snake:4  | Offered knowledge of Maxwell's Capacitive Coupling by
                  | Vehumet.
 38093 | Snake:4  | Reached skill level 10 in Spellcasting
 38205 | Snake:4  | Reached XP level 19. HP: 90/112 MP: 21/34
 38325 | Snake:4  | Got a serpentine rune of Zot
 38569 | Swamp:1  | Entered Level 1 of the Swamp
 38686 | Swamp:1  | Found a runed translucent gate.
 38694 | Swamp:1  | Noticed kingofthe's ghost (journeyman MiBe)
 38703 | Swamp:1  | Found a runed translucent gate.
 39046 | Swamp:1  | Found a runed translucent gate.
 39673 | Swamp:2  | Noticed Kirke
 39679 | Swamp:2  | Killed Kirke
 39997 | Swamp:2  | Reached skill level 24 in Air Magic
 40258 | Swamp:2  | Learned a level 4 spell: Summon Lightning Spire
 40578 | Swamp:3  | Noticed Nikola
 40758 | Swamp:3  | Killed Nikola
 41427 | Swamp:4  | Entered Level 4 of the Swamp
 41567 | Swamp:4  | Reached skill level 5 in Fire Magic
 41711 | Swamp:4  | Noticed Mara
 41718 | Swamp:4  | Noticed Lobster4's illusion
 42333 | Swamp:4  | Noticed Lobster4's illusion
 42567 | Swamp:4  | Noticed a tentacled monstrosity
 42587 | Swamp:4  | Killed a tentacled monstrosity
 43173 | Vaults:1 | Entered Level 1 of the Vaults
 43273 | Vaults:1 | Reached skill level 25 in Air Magic
 43376 | Vaults:1 | Reached XP level 20. HP: 85/117 MP: 9/35
 45548 | Vaults:2 | Reached skill level 26 in Air Magic
 45846 | Vaults:2 | Noticed Mennas
 45864 | Vaults:2 | HP: 3/265 [Mennas/+4 sacred scourge of holy wrath (22)]
 45865 | Vaults:2 | Demolished by Mennas

Illustrated notes

Levels and vault maps discovered:
D:1:      tarquinn_simple_flora_water_c, layout_rooms,
          hellmonk_ecumenical_altar_watching_god
D:2:      layout_basic, basic_altar, nicolae_grassy_gnolls, uniq_jessica
D:3:      layout_loops_ring
D:4:      layout_basic, minmay_temple_entry_trees, lightli_minifort
D:5:      layout_cave_pools, uniq_prince_ribbit1, uniq_duvessa
D:6:      layout_layer_cave, minmay_holes, uniq_maggie
D:7:      layout_cave_pools, serial_co_window_serial, co_window_corner_a,
          co_window_of_opportunity_a, co_window_paths_b,
          co_window_of_opportunity_a, co_window_corner_a,
          co_window_of_opportunity_a, co_window_2corner, co_window_corner_b,
          co_window_2corner, co_window_corner_ca, co_window_4corner_a,
          glass_columns_a, glass_columns_a, glass_columns_b, glass_columns_c,
          glass_columns_b, enter_bailey_4
D:8:      layout_cave_pools, nicolae_overflow_squiral,
          kennysheep_decorative_pillar, uniq_maurice
D:9:      layout_big_octagon, lemuel_crystal_altar, erik_lair_dragon,
          orc_0_dummy, serial_gnoll_camp, gnoll_camp_mini_loothouse,
          gnoll_camp_mini_doghouse, gnoll_camp_mini_hut, gnoll_camp_huts_basic,
          gnoll_camp_mini_house, gnoll_camp_mini_sergeant
D:10:     layout_cave_pools, serial_shops,
          nicolae_shop_competitors_out_of_business, minmay_beelzebubs_servants,
          uniq_snorg
D:11:     layout_irregular_city, minivault_16, minmay_microvault, uniq_harold
D:12:     layout_roguey, serial_corexii_hall, chequers_hall_statues_y,
          chequers_hall_statues_corner_a, uniq_josephine
D:13:     layout_roguey, david_vaults_3, enter_trove_2
D:14:     layout_basic, minmay_misc_feat_pillars
D:15:     hangedman_depths_entry_try_elsewhere_first, layout_basic,
          nicolae_wwwww, uniq_azrael
Temple:   hellmonk_temple_divided_pantheon
Lair:1:   gammafunk_boulding_lane, layout_cave_pods, st_stairs_13,
          grunt_megastairs_4
Lair:2:   layout_roguey [special_room_bee], minmay_swamp_entry_worms,
          minmay_snake_entry_six_corridors, lemuel_fruit_fields, uniq_urug,
          uniq_amaemon, uniq_sonja
Lair:3:   layout_hall_layers, gammafunk_ghost_abyssal_escape
Lair:4:   layout_cave_pods, minmay_slime_entry_oklob_enclosed,
          serial_bayou_pond_d
Lair:5:   minmay_lair_end_frog_pond, layout_gridlike, basic_altar,
          nicolae_quartered_pool_super
Swamp:1:  layout_basic_swamp, gammafunk_ghost_hydra_chop, nicolae_swamp_treefoil
Swamp:2:  layout_basic_swamp, hangedman_swamp_cone, swamp_pool1, uniq_kirke
Swamp:3:  nicolae_swamp_decorative_isthmus, layout_basic_swamp,
          serial_swamp_ruin, evilmike_swamp_ruin_house_4,
          evilmike_swamp_ruin_house_5, infiniplex_staircase_pool, uniq_nikola
Swamp:4:  swamp_vile, layout_basic_swamp, uniq_mara
Snake:1:  layout_misc_corridors, nicolae_integral_box, uniq_aizul
Snake:2:  layout_layer_cave, gammafunk_ghost_necromancy, basic_altar,
          nicolae_snake_snakes_in_the_grass
Snake:3:  layout_cave_pods, nicolae_triple_integral, serial_bayou_shore_a,
          lemuel_fruit_tree
Snake:4:  grunt_snake_rune_pools, layout_cave_town, ebering_ghost_disaster_area,
          st_stairs_3, grunt_ministairs_13, nicolae_large_snake_swirl
Orc:1:    layout_diamond_mine, gammafunk_ghost_split, led_sif_book,
          uniq_jorgrun, uniq_nergalle
Orc:2:    st_orc_rangers, layout_diamond_mine, gauntlet_entry_generic,
          bloody_makhleb
Vaults:1: hangedman_vaults_hat, ontoclasm_vaults_idyll,
          hangedman_vaults_corner_blocks, v_alt_pattern_4, vaults_dpeg_spiral,
          vaults_room_grunt_arrival_ludios, v_rooms_1, vaults_mumra_hex,
          vaults_dpeg_emergency_exit, vaults_mumra_minichess_inversion,
          nicolae_vaults_gold_heap, v_alt_pattern_5, layout_vaults_omnigrid
Vaults:2: lightli_enter_wizlab_magi_temple, minmay_crypt_entry_simple_round,
          nicolae_vaults_yaktaur_gun_rack, dpeg_vaults_waves,
          nicolae_vaults_windows_and_doors_thing, v_misc_23, vaults_room_fours,
          hangedman_vaults_capsules, layout_vaults_chaotic_city, uniq_mennas

Skill      XL: |  1  2  3  4  5  6  7  8  9 10 11 12 13 14 15 16 17 18 19 20 |
---------------+-------------------------------------------------------------+-----
Armour         | 1 2 3 5 6 7 9 10 11 12 | 12.3
Conjurations   | 2 3 4 5 6 7 8 10 11 13 14 15 16 17 18 19 | 19.2
Fighting       | 1 2 3 5 6 8 9 10 | 10.4
Short Blades   | 1 |  1.0
Dodging        | 3 4 5 6 7 8 10 11 12 | 12.3
Air Magic      | 5 6 7 9 10 11 13 16 19 20 21 22 23 25 26 | 26.1
Evocations     | 1 2 3 |  3.0
Stealth        | 3 4 5 |  5.9
Spellcasting   | 3 4 5 6 7 8 10 | 10.0
Ranged Weapons | 1 2 |  2.0
Shields        | 1 2 3 4 5 6 |  6.0
Maces & Flails | 1 2 3 4 6 7 |  7.8
Poison Magic   | 1 3 |  3.0
Throwing       | 2 3 |  3.0
Fire Magic     | 1 3 5 |  5.0
Polearms       | 1 2 |  2.0
Translocations | 2 3 |  3.0
Axes           | 1 4 7 8 |  8.4
Summonings     | 3 |  3.0

Action                     |  1- 3 |  4- 6 |  7- 9 | 10-12 | 13-15 | 16-18 | 19-21 || total
---------------------------+-------+-------+-------+-------+-------+-------+-------++-------
  Melee: Short sword       |     8 |       |       |       |       |       |       ||     8
         Kick              |     3 |     1 |     4 |    19 |       |    16 |    17 ||    60
         Dagger            |       |     3 |    13 |    10 |       |     1 |       ||    27
         Whip              |       |       |     6 |    11 |       |       |       ||    17
         Peck              |       |       |     1 |    14 |       |    11 |     9 ||    35
         Flail             |       |       |       |    48 |     3 |    17 |       ||    68
         Broad axe         |       |       |       |       |       |    34 |    41 ||    75
  Throw: Dart              |       |       |    24 |       |       |       |       ||    24
         Boomerang         |       |       |    11 |       |       |       |       ||    11
         Throwing net      |       |       |       |     1 |       |       |       ||     1
   Cast: Shock             |    78 |   144 |   302 |   148 |     6 |    21 |    49 ||   748
         Poisonous Vapours |       |       |    18 |     2 |    11 |     7 |     2 ||    40
         Airstrike         |       |       |     2 |   287 |   465 |   877 |   691 ||  2322
         Flame Wave        |       |       |       |     6 |    16 |    17 |    15 ||    54
         Scorch            |       |       |       |     2 |       |       |       ||     2
         Kindle Blastspark |       |       |       |     1 |    10 |       |       ||    11
         Conjure Ball Ligh |       |       |       |       |    44 |    70 |    55 ||   169
         Iskenderun's Batt |       |       |       |       |     1 |     3 |    13 ||    17
         Lightning Bolt    |       |       |       |       |       |    58 |    38 ||    96
         Blink             |       |       |       |       |       |     1 |       ||     1
         Summon Lightning  |       |       |       |       |       |       |    32 ||    32
  Evoke: Wand              |       |     3 |     6 |     4 |       |       |       ||    13
         Lightning rod     |       |       |       |       |       |     3 |       ||     3
    Use: Potion            |     1 |       |       |       |     3 |     7 |     6 ||    17
         Scroll            |       |       |     6 |    17 |    14 |    11 |     9 ||    57
   Stab: Sleeping          |     1 |       |     1 |       |     1 |     3 |     1 ||     7
 Armour: Robe              |     9 |     1 |       |       |    16 |    10 |       ||    36
         Leather armour    |       |     4 |     6 |       |       |       |       ||    10
         Steam dragon scal |       |       |       |    35 |    30 |       |       ||    65
         Scale mail        |       |       |       |       |       |   135 |    66 ||   201
         Swamp dragon scal |       |       |       |       |       |       |    64 ||    64
         Skin              |       |       |       |       |       |       |     6 ||     6
  Dodge: Dodged            |    54 |    32 |    52 |   150 |   186 |   323 |   326 ||  1123
  Block: Buckler           |       |       |    12 |    73 |    81 |   143 |   124 ||   433

Table legend: (Time is in decaauts)
 A = Elapsed time spent in this place.
 B = Non-inter-level travel time spent in this place.
 C = Inter-level travel time spent in this place.
 D = Time resting spent in this place.
 E = Time spent auto-exploring this place.
 F = Levels seen in this place.
 G = Mean time per level.
                   A        B        C        D        E       F      G
               +--------+--------+--------+--------+--------+-----+--------+
         Total |  43271 |  39816 |   3455 |   6043 |  24050 |  35 | 1236.3 |
       Dungeon |  21497 |  19668 |   1829 |   3671 |  12322 |  15 | 1433.1 |
        Temple |     41 |     41 |      0 |      0 |      5 |   1 |   41.0 |
          Lair |   6887 |   6013 |    874 |    952 |   3688 |   5 | 1377.4 |
         Swamp |   3849 |   3528 |    321 |    352 |   2115 |   4 |  962.2 |
     Snake Pit |   5475 |   5236 |    239 |    658 |   3076 |   4 | 1368.8 |
  Orcish Mines |   1919 |   1841 |     78 |    152 |   1154 |   2 |  959.5 |
        Vaults |   2525 |   2415 |    110 |    123 |   1402 |   2 | 1262.5 |
        Bailey |    690 |    690 |      0 |     80 |    164 |   1 |  690.0 |
      Gauntlet |    383 |    383 |      0 |     51 |    120 |   1 |  383.0 |
               +--------+--------+--------+--------+--------+-----+--------+

Top non-repeatable levels by time:
     D:9: 3786 daAuts
Vaults:1: 2125 daAuts
 Snake:4: 2059 daAuts
     D:4: 1900 daAuts
    D:12: 1887 daAuts
  Lair:4: 1762 daAuts
     D:6: 1741 daAuts
  Lair:2: 1478 daAuts
     D:7: 1444 daAuts
  Lair:1: 1403 daAuts
 Swamp:4: 1315 daAuts
     D:5: 1296 daAuts
    D:15: 1275 daAuts
   Orc:2: 1210 daAuts
 Snake:3: 1177 daAuts
